 Dungeon Crawl Stone Soup version 0.29-a0-613-gf2c431b9b9 (webtiles) character file.

Game seed: 4371431905166833783

6279 blackman the Blasphemer (level 11, -21/81 HPs)
             Began as a Human Monk on June 16, 2022.
             Was a Follower of Zin (penitent).
             Demolished by an ogre
             ... wielding a +0 giant club
             ... created by the rage of Trog
              (23 damage)
             ... on level 9 of the Dungeon.
             The game lasted 00:47:22 (11617 turns).

blackman the Blasphemer (Human Monk)               Turns: 11617, Time: 00:47:22

Health: -21/81     AC: 14    Str: 23    XL:     11   Next: 15%
Magic:  19/19      EV:  8    Int: 10    God:    Zin [*.....]
Gold:   432        SH:  0    Dex: 15    Spells: 10/10 levels left

rFire   . . .      SeeInvis .   K - +0 war axe
rCold   . . .      Faith    .   (no shield)
rNeg    + . .      Spirit   .   P - +0 plate armour
rPois   .          Reflect  .   S - +0 helmet
rElec   .          Harm     .   E - +0 cloak
rCorr   .          Rampage  .   (no gloves)
Will    .....                   (no boots)
Stlth   ..........              (no amulet)
HPRegen 0.23/turn               h - ring of positive energy
MPRegen 0.16/turn               C - +6 ring of strength

@: no status effects
A: no striking features
a: Renounce Religion, Donate Gold


You were on level 9 of the Dungeon.
You worshipped Zin.
Zin was demanding penance.
You visited 1 branch of the dungeon, and saw 9 of its levels.

You collected 479 gold pieces.
You donated 47 gold pieces to Zin.

Inventory:

Hand Weapons
 a - a +0 hand axe
 k - a +0 dagger of electrocution
 t - a +0 halberd
 A - a +0 hunting sling
 I - a +2 spear of freezing
 K - a +0 war axe (weapon)
 N - a +0 arbalest
 O - a +2 dire flail of protection
Missiles
 d - 17 poisoned darts (quivered)
 L - 2 atropa-tipped darts
Armour
 b - a +0 robe
 m - a +0 scale mail
 q - the +3 robe of Clouds {*Thunder rCloud rElec}
   (You found it on level 2 of the Dungeon)

   It occasionally creates storm clouds above nearby enemies.
   It grants its wearer immunity to clouds.
   rElec:     It insulates you from electricity.
 x - an orb of guile
 E - a +0 cloak (worn)
 F - a +0 chain mail
 P - a +0 plate armour (worn)
 S - a +0 helmet (worn)
Jewellery
 h - a ring of positive energy (left hand)
 C - a +6 ring of strength (right hand)
 R - a ring of wizardry
Wands
 B - a wand of iceblast (4)
Scrolls
 e - 2 scrolls of immolation {unknown}
 f - a scroll of amnesia
 g - 6 scrolls of teleportation {unknown}
 i - 2 scrolls of noise {unknown}
 j - a scroll of identify
 n - 2 scrolls of fear
 r - 2 scrolls of poison
 u - 4 scrolls of enchant armour {unknown}
 v - 3 scrolls of vulnerability {unknown}
 y - a scroll of silence
 z - 4 scrolls of magic mapping {unknown}
 M - a scroll of summoning
Potions
 c - a potion of ambrosia
 l - 5 potions of curing
 o - 2 potions of magic {unknown}
 p - 3 potions of cancellation {unknown}
 s - a potion of lignification {unknown}
 w - a potion of haste {unknown}
 G - 2 potions of might {unknown}
 H - a potion of degeneration {unknown}
 J - a potion of resistance {unknown}
 Q - a potion of berserk rage {unknown}
 U - a potion of mutation {unknown}


   Skills:
 - Level 6.2 Fighting
 - Level 10.4 Axes
 - Level 5.3 Armour
 - Level 3.0 Dodging
 - Level 2.0 Stealth
 * Level 11.0 Invocations


You had 10 spell levels left.
You didn't know any spells.
Your spell library contained the following spells:

 Spells                   Type           Power      Damage    Failure   Level
 Foxfire                  Conj/Fire      0%         2x1d4     100%        1
 Necrotize                Necr           0%         1d4       100%        1
 Sublimation of Blood     Necr           0%         N/A       100%        2
 Wereblood                Tmut           0%         N/A       100%        2
 Conjure Flame            Conj/Fire      0%         6-21      100%        3
 Inner Flame              Hex/Fire       0%         N/A       100%        3
 Vampiric Draining        Necr           0%         2d6       100%        3
 Flame Wave               Conj/Fire      0%         2d4       100%        4
 Agony                    Necr           0%         N/A       100%        5
 Alistair's Intoxication  Tmut/Pois      0%         N/A       100%        5
 Borgnjor's Vile Clutch   Necr/Erth      0%         N/A       100%        5
 Eringya's Noxious Bog    Tmut/Pois      0%         N/A       100%        6
 Summon Hydra             Summ           0%         N/A       100%        7


Dungeon Overview and Level Annotations

Branches:
Dungeon (9/15)             Temple (0/1) D:5            Lair (0/6) D:9
    Orc: D:9-12

Altars:
Dithmenos
Fedhas
Kikubaaqudgha
Makhleb
Nemelex Xobeh
Okawaru
Zin

Annotations:
D:4 1 runed translucent door, Crazy Yiuf


Message History

Your yak completely misses the polar bear.
The black bear attacks as you move away!
The black bear bites you.
* * * LOW HITPOINT WARNING * * *
The black bear claws you but does no damage. x2
The polar bear barely misses your yak. The polar bear claws your yak. x2
Your yak dies!
Your yak's corpse dissolves into shadows!
The ogre barely misses you.
The black bear bites you but does no damage.
The black bear barely misses you.
The black bear claws you but does no damage.
There are monsters nearby!
Unknown command.
You don't know any spells.
Unknown command.
Aiming: Iceblast
Press: ? - help, Shift-Dir - straight line, p - black bear
Okay, then.
Unknown command.
The ogre attacks as you move away! The ogre hits you with a +0 giant club!
Zin protects you from harm!
Okay, then.
Unknown command.
Cleave: K) +0 war axe
Press: ? - help, Dir - move target, f/p - black bear
Aim: a black bear (severely wounded, durably summoned, berserk, about 28% to evade your +0 war axe)
Okay, then.
Aiming: Paralyse
Press: ? - help, Shift-Dir - straight line, f/p - black bear
Aim: a black bear (severely wounded, durably summoned, berserk, chance to affect: 49%)
The black bear resists with some effort.
The now-empty wand crumbles to dust.
The black bear bites you but does no damage.
The black bear claws you but does no damage.
The black bear barely misses you. x2
The black bear claws you but does no damage.
The black bear barely misses you.
The ogre hits you with a +0 giant club!!
You die...

#################################
.........(.......................
......#........##..###...###.....
###...#........##..###...# #....#
# #...#..................# #.....
# #...#.####.............# #.....
###.....#..#...Oh........###.....
........#..#...h@...............)
...######..#..................###
...'.......#........#.........#..
...#.......#.####...#...#####.#..
...#...##..#. ...............###
...#...##..## ##########....##
...#........# #....#
...#........# #....#
...#........# #....#


You could see a polar bear (berserk), a black bear (berserk) and an ogre
(berserk).

Vanquished Creatures
  An orb spider (D:8)
  Pikel (D:7)
  A troll (D:9)
  A shadow (D:8)
  A wyvern (D:8)
  8 yaks
  2 steam dragons
  3 wargs (D:9)
  Menkaure (D:6)
  3 water moccasins
  A swamp drake (D:7)
  An ice beast (D:5)
  A sky beast (D:5)
  3 black bears (D:6)
  An orc warrior (D:8)
  4 centaurs
  3 lemures (D:7)
  Blork the orc (D:5)
  2 gnoll sergeants
  A necrophage (D:5)
  4 scorpions
  5 killer bees (D:8)
  3 jellies
  4 orc priests
  4 hounds
  3 iguanas
  3 orc wizards
  Ijyb (D:4)
  Natasha (thrice) (D:2)
  8 gnolls
  8 adders
  2 shadow imps
  A white imp (D:6)
  An ufetubus (D:6)
  4 worms
  2 dart slugs (D:1)
  26 orcs
  7 bats
  5 endoplasms
  7 giant cockroaches
  5 goblins
  10 hobgoblins
  2 jackals (D:3)
  2 quokkas
  5 ball pythons
  5 frilled lizards
  8 kobolds
  9 rats
187 creatures vanquished.

Vanquished Creatures (collateral kills)
  A black bear (D:9)
  An ogre (D:9)
2 creatures vanquished.

Vanquished Creatures (others)
  A giant cockroach (D:2)
1 creature vanquished.

Grand Total: 190 creatures vanquished

Notes
Turn   | Place    | Note
-------+----------+-------------------------------------------
     0 | D:1      | blackman the Human Monk began the quest for the Orb.
     0 | D:1      | Reached XP level 1. HP: 18/18 MP: 1/1
   136 | D:1      | Reached XP level 2. HP: 21/24 MP: 2/2
   622 | D:1      | Reached XP level 3. HP: 29/29 MP: 3/3
  1566 | D:2      | Reached XP level 4. HP: 35/35 MP: 4/4
  1568 | D:2      | Noticed Natasha
  1579 | D:2      | Killed Natasha
  1580 | D:2      | Reached skill level 5 in Axes
  1993 | D:2      | Noticed Natasha
  2021 | D:2      | Killed Natasha
  2022 | D:2      | Reached XP level 5. HP: 36/41 MP: 5/5
  2191 | D:2      | Found a faded altar of an unknown god.
  2222 | D:2      | Prayed at the altar of an unknown god.
  2222 | D:2      | Became a worshipper of Nemelex Xobeh the Trickster
  2222 | D:2      | Reached * piety under Nemelex Xobeh
  2222 | D:2      | Received a gift from Nemelex Xobeh
  2222 | D:2      | Reached ** piety under Nemelex Xobeh
  2222 | D:2      | Received a gift from Nemelex Xobeh
  2222 | D:2      | Received a gift from Nemelex Xobeh
  2288 | D:2      | Noticed Natasha
  2298 | D:2      | Found the +3 robe of Clouds {*Thunder rCloud rElec}
  2308 | D:2      | Killed Natasha
  2353 | D:2      | Reached *** piety under Nemelex Xobeh
  2571 | D:2      | Received a gift from Nemelex Xobeh
  3121 | D:3      | Received a gift from Nemelex Xobeh
  3302 | D:3      | Reached XP level 6. HP: 47/47 MP: 6/6
  4005 | D:4      | Reached **** piety under Nemelex Xobeh
  4110 | D:4      | Noticed Ijyb
  4125 | D:4      | Killed Ijyb
  4341 | D:4      | Received a gift from Nemelex Xobeh
  4341 | D:4      | Noticed an ogre
  4351 | D:4      | an ogre changed into a jelly
  4568 | D:4      | Reached XP level 7. HP: 52/52 MP: 7/7
  4651 | D:4      | Found a runed translucent door.
  4652 | D:4      | Noticed Crazy Yiuf
  4758 | D:5      | Entered Level 5 of the Dungeon
  4821 | D:5      | Found a staircase to the Ecumenical Temple.
  4964 | D:5      | Noticed a water moccasin
  4965 | D:5      | Banished a water moccasin
  5090 | D:5      | Found a blossoming altar of Fedhas.
  5090 | D:5      | Received a gift from Nemelex Xobeh
  5118 | D:5      | Noticed a water moccasin
  5120 | D:5      | a water moccasin changed into a sky beast
  5125 | D:5      | Reached XP level 8. HP: 58/58 MP: 8/8
  5455 | D:5      | Noticed Blork the orc
  5462 | D:5      | Killed Blork the orc
  5708 | D:5      | Found a shadowy altar of Dithmenos.
  5849 | D:6      | Reached skill level 10 in Axes
  6111 | D:6      | Noticed Menkaure
  6118 | D:6      | Killed Menkaure
  6119 | D:6      | Reached skill level 1 in Armour
  6406 | D:6      | Reached XP level 9. HP: 59/65 MP: 9/9
  6568 | D:6      | Reached ***** piety under Nemelex Xobeh
  6761 | D:6      | Received a gift from Nemelex Xobeh
  7282 | D:7      | Reached skill level 5 in Fighting
  7996 | D:7      | Received a gift from Nemelex Xobeh
  8307 | D:7      | Noticed Pikel
  8307 | D:7      | Killed Pikel
  8308 | D:7      | Reached skill level 5 in Armour
  8400 | D:8      | Received a gift from Nemelex Xobeh
  8407 | D:8      | Reached skill level 2 in Invocations
  8409 | D:8      | Reached XP level 10. HP: 76/76 MP: 9/12
  8453 | D:8      | Reached skill level 3 in Invocations
  8793 | D:8      | Reached skill level 4 in Invocations
  8803 | D:8      | Reached skill level 5 in Invocations
  9147 | D:8      | Reached skill level 6 in Invocations
  9189 | D:8      | Reached skill level 7 in Invocations
  9208 | D:8      | Noticed an orb spider
  9208 | D:8      | a yak changed into an orb spider
  9521 | D:8      | Killed an orb spider
  9522 | D:8      | Reached skill level 8 in Invocations
  9981 | D:9      | Reached skill level 9 in Invocations
 10199 | D:9      | Found a staircase to the Lair.
 10229 | D:9      | Received a gift from Nemelex Xobeh
 10525 | D:9      | Reached skill level 10 in Invocations
 10525 | D:9      | Reached XP level 11. HP: 51/81 MP: 18/18
 11101 | D:9      | Found an iron altar of Okawaru.
 11101 | D:9      | Found a burning altar of Makhleb.
 11101 | D:9      | Found a glowing silver altar of Zin.
 11103 | D:9      | Found an ancient bone altar of Kikubaaqudgha.
 11434 | D:9      | Fell from the grace of Nemelex Xobeh
 11434 | D:9      | Became a worshipper of Zin the Law-Giver
 11434 | D:9      | Reached * piety under Zin
 11434 | D:9      | Reached ** piety under Zin
 11528 | D:9      | Reached skill level 11 in Invocations
 11610 | D:9      | HP: 3/81 [polar bear[the rage of Trog] (5)]
 11611 | D:9      | Zin protects you from harm!
 11612 | D:9      | Zin protects you from harm!
 11614 | D:9      | Was placed under penance by Zin
 11615 | D:9      | HP: 1/81 [black bear[the rage of Trog] (1)]
 11616 | D:9      | Zin protects you from harm!
 11617 | D:9      | Demolished by an ogre

Illustrated notes

Levels and vault maps discovered:
D:1:      sevenhm_arrival_forest_fort_large_4, layout_rooms
D:2:      minmay_kobold_bridge, layout_basic, chequers_ecumenical_altar_island,
          bh_walls_and_bars, uniq_natasha
D:3:      layout_basic
D:4:      layout_cave_pods, uniq_crazy_yiuf_cottage, uniq_ijyb
D:5:      layout_loops_ring, mainiacjoe_overflow_large_starburst,
          minmay_temple_entry_statues_fountains, uniq_blork_the_orc
D:6:      layout_cave_pods, chequers_serial_rivers_micro_b, uniq_menkaure
D:7:      layout_cave_pods, uniq_pikel
D:8:      nicolae_cairo_tiling_very_big, layout_gridville,
          hangedman_decor_lopped
D:9:      layout_stronghold, chequers_temple_overflow_statue_of_worship,
          erik_lair_orcish_takeover

Skill      XL: |  1  2  3  4  5  6  7  8  9 10 11 |
---------------+----------------------------------+-----
Axes           | 4 5 6 7 8 10 | 10.4
Armour         | 1 5 |  5.3
Fighting       | 6 |  6.2
Invocations    | 2 10 11 | 11.0
Dodging        | |  3.0
Stealth        | |  2.0

Action                   |  1- 3 |  4- 6 |  7- 9 | 10-12 || total
-------------------------+-------+-------+-------+-------++-------
Melee: Hand axe          |    99 |       |       |       ||    99
       Punch             |     1 |     1 |       |     1 ||     3
       Dagger            |    22 |   144 |    39 |       ||   205
       Spear             |       |       |    12 |       ||    12
       War axe           |       |       |    84 |   133 ||   217
Throw: Dart              |       |     7 |     5 |       ||    12
       Throwing net      |       |       |       |     2 ||     2
Invok: Draw Destruction  |       |    14 |    11 |    11 ||    36
       Draw Escape       |       |       |     1 |       ||     1
Evoke: Wand              |       |       |     1 |     3 ||     4
  Use: Scroll            |       |       |       |     7 ||     7
       Potion            |       |       |       |     3 ||     3
 Stab: Sleeping          |     5 |     3 |     5 |     1 ||    14
       Distracted        |       |       |     1 |       ||     1
       Confused          |       |       |     1 |       ||     1
Armor: Robe              |    32 |    14 |    37 |    23 ||   106
       Scale mail        |       |    26 |       |       ||    26
       Plate armour      |       |       |       |    62 ||    62
Dodge: Dodged            |    96 |   102 |    87 |   106 ||   391

Table legend: (Time is in decaauts)
 A = Elapsed time spent in this place.
 B = Non-inter-level travel time spent in this place.
 C = Inter-level travel time spent in this place.
 D = Time resting spent in this place.
 E = Time spent auto-exploring this place.
 F = Levels seen in this place.
 G = Mean time per level.
                   A        B        C        D        E       F      G
               +--------+--------+--------+--------+--------+-----+--------+
         Total |  11632 |  11122 |    510 |   2460 |   7130 |   9 | 1292.4 |
       Dungeon |  11632 |  11122 |    510 |   2460 |   7130 |   9 | 1292.4 |
               +--------+--------+--------+--------+--------+-----+--------+

Top non-repeatable levels by time:
     D:9: 1701 daAuts
     D:8: 1535 daAuts
     D:2: 1456 daAuts
     D:1: 1425 daAuts
     D:7: 1425 daAuts
     D:6: 1118 daAuts
     D:5: 1069 daAuts
     D:3: 1035 daAuts
     D:4: 865 daAuts
